woodfighter, chaotic female sylph Ranger -------- |....... ---M|.|.| |.|.M.|.|.| |.|@---.|.| |.M... |.| ----------|.| |.........|.| ----|....^....|.--- |...-%...<....-...| -------.--|.....*...|.|.| |.......|.|..*......|.|.| |.---.---.-------------.| |...|...........|.......| ---.---.|.-----.|.------- |.*...|.........| |...---.--------- |...|.....| ----------- woodfighter the Trailblazer Experience level: 9 Strength: 16 Dexterity: 15 Constitution: 16 Intelligence: 13 Wisdom: 14 Charisma: 7 Health: 0(72) Energy: 52(52) Def: 0 Gold: 0 Moves: 12187 Dungeon seed: zjLYuq2i-ftxj53a Game ID: woodfighter_1455970160 Your Inventory: Amulets j - a cursed amulet of restful sleep I - an uncursed amulet of reflection (being worn) Weapons b - a +2 bow (weapon in hand) d - 28 blessed +0 arrows x - 34 +2 arrows (in quiver) Q - 13 poisoned +0 orcish arrows Armor q - an uncursed +0 mummy wrapping (being worn) z - a cursed +0 pair of leather gloves Comestibles o - 2 uncursed pizzas B - a cursed lizard corpse D - 2 uncursed lichen corpses G - 2 uncursed tripe rations K - 6 uncursed food rations O - 3 uncursed sprigs of wolfsbane S - an uncursed tin of dog meat T - an uncursed tin of spinach Scrolls R - an uncursed scroll of create monster Z - an uncursed scroll of gold detection Spellbooks a - an uncursed spellbook of blank paper X - an uncursed spellbook of wizard lock Potions e - a cursed potion of levitation Wands h - a wand of probing (0:7) t - a wand of teleportation (0:5) w - a wand of striking (0:4) H - a wand of fire (0:6) Tools c - an uncursed skeleton key i - 7 cursed wax candles (0:400) k - a cursed oil lamp (0:1263) s - a magic marker (0:50) u - an uncursed brass lantern (lit) (0:677) v - an uncursed oil lamp (0:1009) F - a +0 pick-axe Y - a +0 unicorn horn Gems U - an uncursed luckstone Spells and supernatural/magical abilities: Name Level Category Fail Memory W - pray for help -- divine ? -- Your skills at the end: Miscellaneous Skills wands [Basic] Weapon Skills dagger [Basic] bow [Expert] Spellcasting Skills Final Attributes: You were piously aligned. You saw invisible. You had automatic searching. You had infravision. You were visible. You were stealthy. You were protected from shape changers. You had reflection. You were lucky. You had extra luck. Bad luck did not time out for you. Good luck did not time out for you. You are dead. Vanquished creatures: a vampire lord a vampire a ghost 2 giant mimics a large mimic a small mimic a xan a troll 2 flaming spheres a tengu an elf mummy a cockatrice a lizard a vampire bat 4 gnome kings 2 orc mummies a dwarf mummy a yeti 2 dogs a dingo a housecat 3 dwarf lords a blue jelly a water nymph a gray unicorn 2 dust vortices a raven 4 gnome mummies 2 snakes 4 human zombies 3 soldier ants 2 wood nymphs 5 Uruk-hai an orc shaman 2 rock moles a pony 4 shriekers a violet fungus 11 gnome lords 3 gnomish wizards 3 kobold mummies a black naga hatchling 3 golden naga hatchlings 2 guardian naga hatchlings a barrow wight an elf zombie a straw golem a paper golem 9 giant ants 4 little dogs 4 floating eyes 5 kittens 15 dwarves 3 homunculi 4 kobold lords a kobold shaman 3 iguanas 5 giant bats 2 dwarf zombies a wererat 3 killer bees 10 coyotes 3 gas spores 8 hobbits 3 acid blobs a large kobold 6 geckos 5 giant rats 4 cave spiders 3 brown molds 2 yellow molds 7 green molds a red mold 55 gnomes 2 manes 3 gnome zombies 9 jackals 5 foxes 2 kobolds 14 newts 2 goblins 3 sewer rats 7 grid bugs 7 bats 6 lichens 4 kobold zombies 324 creatures vanquished. Voluntary challenges: You were vegetarian. You had followed a strict vegan diet until turn 3581. You had been an atheist until turn 2105. You used a wielded weapon 22 times, starting on turn 102. You did not apply a unicorn horn. You read items or engraved 9 times, starting on turn 3541. You never genocided any monsters. You never polymorphed an object. You changed form 1 time, starting on turn 10472. You completed Sokoban on turn 6634, according to the rules. You used no wishes. You never split a pudding. You never wrote Elbereth's name. You never violated your personal moral code. Dungeon overview: The Dungeons of Doom: levels 1 to 8 Level 1 (vault) an altar to Mars a long staircase Level 2 some fountains stairs to The Gnomish Mines Level 3 Level 4 (vault) a general store, a fountain Level 5 a general store, an altar to Venus Level 6 (Oracle) many fountains Level 7 stairs to Sokoban Level 8 The Gnomish Mines: levels 3 to 10 Level 3 stairs to The Dungeons of Doom Level 4 Level 5 Level 6 some shops, a temple to Mars, a magic chest, some fountains Level 7 Level 8 Level 9 Level 10 <- You were here Sokoban: levels 3 to 6 Level 3 a magic chest Level 4 Level 5 Level 6 a magic chest stairs to The Dungeons of Doom History has recorded: On T:1 you entered the Dungeons of Doom to retrieve the Amulet of Yendor! On T:427 you reached level 2 of The Dungeons of Doom. On T:664 you advanced to experience level 2. On T:728 you reached level 3 of The Dungeons of Doom. On T:777 you reached level 1 of The Gnomish Mines. On T:1003 you advanced to experience level 3. On T:1077 you reached level 4 of The Dungeons of Doom. On T:1557 you reached level 5 of The Dungeons of Doom. On T:1650 you advanced to experience level 4. On T:1750 you reached level 6 of The Dungeons of Doom. On T:2417 you advanced to experience level 5. On T:2462 you reached level 7 of The Dungeons of Doom. On T:2980 you reached level 8 of The Dungeons of Doom. On T:3012 you advanced to experience level 6. On T:3084 you reached level 4 of Sokoban. On T:3308 you opened a magic chest. On T:3340 you opened a magic chest. On T:3345 you opened a magic chest. On T:3540 you opened a magic chest. On T:3544 you opened a magic chest. On T:3550 you reached level 3 of Sokoban. On T:3628 you opened a magic chest. On T:4440 you reached level 2 of Sokoban. On T:4607 you advanced to experience level 7. On T:5412 you reached level 1 of Sokoban. On T:6634 you advanced to experience level 8. On T:6634 you entered the Sokoban zoo. On T:6778 you opened a magic chest. On T:6778 you opened a magic chest. On T:6944 you opened a magic chest. On T:6945 you opened a magic chest. On T:6946 you opened a magic chest. On T:6947 you opened a magic chest. On T:7391 you opened a magic chest. On T:7397 you opened a magic chest. On T:7986 you reached level 2 of The Gnomish Mines. On T:8150 you reached level 3 of The Gnomish Mines. On T:8992 you reached level 4 of The Gnomish Mines. On T:9369 you entered the Minetown temple On T:9387 you opened a magic chest. On T:9606 you opened a magic chest. On T:9612 you opened a magic chest. On T:9780 you reached level 5 of The Gnomish Mines. On T:10074 you reached level 6 of The Gnomish Mines. On T:10096 you advanced to experience level 9. On T:11016 you reached level 7 of The Gnomish Mines. On T:11422 you opened a magic chest. On T:11423 you opened a magic chest. On T:11998 you reached level 8 of The Gnomish Mines. On T:11998 you reached the bottom of the Mines. Score breakdown: Gold: 0 ( 0 points) Experience: 9 levels ( 800 points) Exploration: 10 levels ( 270 points) Discoveries: 15 items ( 750 points) Variety of kills: 86 monsters ( 2000 points) Major goal: Sokoban/Mines ( 1500 points) Survival: died (score multiplied by 3) Total score: 15960 Latest messages: The elf zombie is destroyed! The vampire starts to attack you, but pulls back. The vampire lord starts to attack you, but pulls back. You feel that Mars is well-pleased. You feel much better. You put an uncursed clear potion into the magic chest. You put an uncursed potion of healing into the magic chest. You put an uncursed brown potion into the magic chest. You put an uncursed potion of gain energy into the magic chest. You put an uncursed potion called object detection? into the magic chest. You put an uncursed ruby potion into the magic chest. You put an uncursed ruby ring into the magic chest. You put an uncursed gold ring into the magic chest. You put an uncursed ring of levitation into the magic chest. You put an uncursed sapphire ring into the magic chest. You put an uncursed wand of magic missile into the magic chest. (2x) You put 3 cursed wax candles into the magic chest. You put 3 uncursed tallow candles into the magic chest. You put an uncursed flute into the magic chest. You put an uncursed wax candle into the magic chest. Your movements are now unencumbered. The arrow hits the ettin mummy! The elf mummy scratches you! The ettin mummy scratches you! (2x) You die... Final status: Goodbye woodfighter the Ranger, killed by an ettin mummy... You died in The Gnomish Mines on dungeon level 10 with 15960 points, and 0 pieces of gold, after 12187 moves. You were level 9 with a maximum of 72 hit points when you died.